IL
LEHIGH VALLEY IRONPIGS @ LOUISVILLE BATS
04/20/2044
 
TOP OF THE 1ST
Lehigh Valley IronPigs batting - Pitching for Louisville Bats : LHP William Lobo
Pitching: LHP William Lobo
Batting: LHB Chad Persaud 0-0: Called Strike
0-1: Ball
1-1: Ball
2-1: SOLO HOME RUN (Flyball, 89XD, EV 99.4 MPH), Distance : 399 ft
Batting: RHB Matt Sanders 0-0: Ball
1-0: Ball
2-0: Ball
3-0: Base on Balls
Batting: SHB Lance Franklin 0-0: Fly out, F8 (Flyball, 8RD, EV 80.0 MPH)
Batting: RHB Julian Nijhuis 0-0: Fly out, F5 (Popup, 25F, EV 83.8 MPH)
Batting: RHB Young-tae Yoo 0-0: Ball
1-0: Fielders Choice at 2nd, 6-4 (Groundball, 6, EV 83.1 MPH)
Top of the 1st over - 1 run, 1 hit, 0 errors, 1 left on base; Lehigh Valley 1 - Louisville 0
BOTTOM OF THE 1ST
Louisville Bats batting - Pitching for Lehigh Valley IronPigs : RHP Tim Martin
Pitching: RHP Tim Martin
Batting: LHB Ryan Braden 0-0: Ball
1-0: Foul Ball, location: 2F
1-1: Foul Ball, location: 2F
1-2: Ball
2-2: Strikes out swinging
Batting: RHB Estanislau Gosendes 0-0: Ball
1-0: Swinging Strike
1-1: Foul Ball, location: 2F
1-2: Ball
2-2: Foul Ball, location: 2F
2-2: Foul Ball, location: 2F
2-2: Ball
3-2: Ground out 1-3 (Groundball, 25, EV 67.5 MPH)
Batting: LHB Randy Racine 0-0: Ball
1-0: Ball
2-0: Foul Ball, location: 2F
2-1: Fly out, F7 (Line Drive, 7, EV 84.4 MPH)
Bottom of the 1st over - 0 runs, 0 hits, 0 errors, 0 left on base; Lehigh Valley 1 - Louisville 0
TOP OF THE 2ND
Lehigh Valley IronPigs batting - Pitching for Louisville Bats : LHP William Lobo
Batting: RHB Chris Pounds 0-0: Ball
1-0: Foul Ball, location: 2F
1-1: Fly out, F9 (Line Drive, 9D, EV 90.0 MPH)
Batting: RHB Josh Hensley 0-0: Ball
1-0: Ball
2-0: Foul Ball, location: 2F
2-1: Ball
3-1: Foul Ball, location: 2F
3-2: Base on Balls
Batting: RHB Aaron Burress 0-0: Grounds into double play, 6-4-3 (Groundball, 6, EV 103.8 MPH)
Top of the 2nd over - 0 runs, 0 hits, 0 errors, 0 left on base; Lehigh Valley 1 - Louisville 0
BOTTOM OF THE 2ND
Louisville Bats batting - Pitching for Lehigh Valley IronPigs : RHP Tim Martin
Batting: SHB Freddie Farrar 0-0: Swinging Strike
0-1: Ball
1-1: Swinging Strike
1-2: Foul Ball, location: 2F
1-2: Ball
2-2: Ball
3-2: Foul Ball, location: 2F
3-2: Foul Ball, location: 2F
3-2: Ground out U3 (Groundball, 3, EV 93.8 MPH)
Batting: SHB Tim Utz 0-0: Ball
1-0: Ball
2-0: Called Strike
2-1: SINGLE (Line Drive, 4MD, EV 100.0 MPH)
Batting: RHB Chase Briney 0-0: Ball
1-0: Fly out, F9 (Flyball, 9D, EV 103.8 MPH)
Batting: RHB Chris Zamora 0-0: Called Strike
0-1: Ball
1-1: Foul Ball, location: 2F
1-2: Strikes out swinging
Bottom of the 2nd over - 0 runs, 1 hit, 0 errors, 1 left on base; Lehigh Valley 1 - Louisville 0
TOP OF THE 3RD
Lehigh Valley IronPigs batting - Pitching for Louisville Bats : LHP William Lobo
Batting: SHB Cesar Arteaga 0-0: SINGLE (Line Drive, 7LM, EV 108.1 MPH)
Batting: LHB Chad Persaud 0-0: Called Strike
Cesar Arteaga steals 2nd base
0-1: Foul Ball, location: 2F
0-2: Ball
1-2: Ball
2-2: Foul Ball, location: 2F
2-2: Foul Ball, location: 2F
2-2: Foul Ball, location: 2F
2-2: Ground out 2-3 (Groundball, 2R, EV 71.2 MPH)
Cesar Arteaga to third
Batting: RHB Matt Sanders 0-0: Ball
1-0: Called Strike
1-1: Foul Ball, location: 2F
1-2: Fly out, F7 (Flyball, 7S, EV 82.5 MPH)
Batting: SHB Lance Franklin 0-0: Fly out, F6 (Popup, 6, EV 59.4 MPH)
Top of the 3rd over - 0 runs, 1 hit, 0 errors, 1 left on base; Lehigh Valley 1 - Louisville 0
BOTTOM OF THE 3RD
Louisville Bats batting - Pitching for Lehigh Valley IronPigs : RHP Tim Martin
Batting: RHB Gerald de Vries 0-0: Swinging Strike
0-1: SINGLE (Line Drive, 89S, EV 100.0 MPH)
Batting: RHB Yasusaburo Kuwahara 0-0: Fielders Choice at 2nd, 6-4 (Groundball, 6, EV 92.5 MPH)
Batting: LHB Ryan Braden 0-0: Ball
1-0: Ball
2-0: Ball
3-0: Called Strike
3-1: Swinging Strike
3-2: Strikes out swinging
Yasusaburo Kuwahara steals 2nd base
Batter strikes out.
Batting: RHB Estanislau Gosendes 0-0: Ball
1-0: Ball
2-0: Foul Ball, location: 2F
2-1: Ground out 6-3 (Groundball, 6, EV 101.9 MPH)
Bottom of the 3rd over - 0 runs, 1 hit, 0 errors, 1 left on base; Lehigh Valley 1 - Louisville 0
TOP OF THE 4TH
Lehigh Valley IronPigs batting - Pitching for Louisville Bats : LHP William Lobo
Batting: RHB Julian Nijhuis 0-0: Ball
1-0: Swinging Strike
1-1: Swinging Strike
1-2: Strikes out swinging
Batting: RHB Young-tae Yoo 0-0: Ball
1-0: Fly out, F8 (Flyball, 89D, EV 73.8 MPH)
Batting: RHB Chris Pounds 0-0: Called Strike
0-1: Ball
1-1: Ball
2-1: Swinging Strike
2-2: Foul Ball, location: 2F
2-2: Foul Ball, location: 2F
2-2: Ball
3-2: Fly out, F8 (Flyball, 89S, EV 93.1 MPH)
Top of the 4th over - 0 runs, 0 hits, 0 errors, 0 left on base; Lehigh Valley 1 - Louisville 0
BOTTOM OF THE 4TH
Louisville Bats batting - Pitching for Lehigh Valley IronPigs : RHP Tim Martin
Batting: LHB Randy Racine 0-0: Ground out U3 (Groundball, 3L, EV 83.8 MPH)
Batting: SHB Freddie Farrar 0-0: Fly out, F8 (Flyball, 8RXD, EV 103.1 MPH)
Batting: SHB Tim Utz 0-0: Ball
1-0: Ball
2-0: Ball
3-0: Called Strike
3-1: Base on Balls
Batting: RHB Chase Briney 0-0: Called Strike
0-1: Ball
1-1: Ball
2-1: Called Strike
2-2: DOUBLE (Line Drive, 5D, EV 95.6 MPH)
Tim Utz to third
Batting: RHB Chris Zamora 0-0: Ground out 6-3 (Groundball, 56, EV 83.1 MPH)
Bottom of the 4th over - 0 runs, 1 hit, 0 errors, 2 left on base; Lehigh Valley 1 - Louisville 0
TOP OF THE 5TH
Lehigh Valley IronPigs batting - Pitching for Louisville Bats : LHP William Lobo
Batting: RHB Josh Hensley 0-0: Ball
1-0: Ball
2-0: Foul Ball, location: 2F
2-1: Foul Ball, location: 2F
2-2: Ball
3-2: Foul Ball, location: 2F
3-2: Ground out 5-3 (Groundball, 56, EV 113.8 MPH)
Batting: RHB Aaron Burress 0-0: Ball
1-0: Foul Ball, location: 2F
1-1: Ball
2-1: Ball
3-1: SINGLE (Groundball, 56D, EV 109.4 MPH)
Batting: SHB Cesar Arteaga 0-0: Grounds into double play, 5-4-3 (Groundball, 56S, EV 91.9 MPH)
Top of the 5th over - 0 runs, 1 hit, 0 errors, 0 left on base; Lehigh Valley 1 - Louisville 0
BOTTOM OF THE 5TH
Louisville Bats batting - Pitching for Lehigh Valley IronPigs : RHP Tim Martin
Batting: RHB Gerald de Vries 0-0: Ball
1-0: Foul Ball, location: 2F
1-1: Fly out, F4 (Flyball, 4D, EV 77.5 MPH)
Batting: RHB Yasusaburo Kuwahara 0-0: Foul Ball, location: 2F
0-1: Ball
1-1: Called Strike
1-2: Ball
2-2: Foul Ball, location: 2F
2-2: Ball
3-2: Strikes out swinging
Batting: LHB Ryan Braden 0-0: Foul Ball, location: 2F
0-1: Foul Ball, location: 2F
0-2: Ball
1-2: Ball
2-2: Ball
3-2: Foul Ball, location: 2F
3-2: Strikes out looking
Bottom of the 5th over - 0 runs, 0 hits, 0 errors, 0 left on base; Lehigh Valley 1 - Louisville 0
TOP OF THE 6TH
Lehigh Valley IronPigs batting - Pitching for Louisville Bats : LHP William Lobo
Batting: LHB Chad Persaud 0-0: Called Strike
0-1: Called Strike
0-2: SINGLE (Line Drive, 6D, EV 107.5 MPH)
Batting: RHB Matt Sanders 0-0: Foul Ball, location: 2F
0-1: Foul Ball, location: 2F
0-2: Ball
1-2: Ball
2-2: Foul Ball, location: 2F
2-2: Strikes out swinging
Batting: SHB Lance Franklin 0-0: Ball
1-0: Called Strike
1-1: Ball
2-1: Foul Ball, location: 2F
2-2: DOUBLE (Groundball, 5L, EV 101.2 MPH)
Chad Persaud to third
Runner from 3rd tries for Home, SAFE, throw by LF to home
Batting: RHB Julian Nijhuis 0-0: Ball
1-0: Ball
2-0: Swinging Strike
2-1: Foul Ball, location: 2F
2-2: Foul Ball, location: 2F
2-2: Strikes out swinging
Batting: RHB Young-tae Yoo 0-0: Called Strike
0-1: Foul Ball, location: 2F
0-2: Ground out 3-1 (Groundball, 13, EV 81.9 MPH)
Top of the 6th over - 1 run, 2 hits, 0 errors, 1 left on base; Lehigh Valley 2 - Louisville 0
BOTTOM OF THE 6TH
Louisville Bats batting - Pitching for Lehigh Valley IronPigs : RHP Tim Martin
Batting: RHB Estanislau Gosendes 0-0: Foul Ball, location: 2F
0-1: Ball
1-1: Ball
2-1: Foul Ball, location: 2F
2-2: Ball
3-2: Strikes out swinging
Batting: LHB Randy Racine 0-0: Swinging Strike
0-1: Ball
1-1: Called Strike
1-2: Foul Ball, location: 2F
1-2: Foul Ball, location: 2F
1-2: Foul Ball, location: 2F
1-2: Ball
2-2: Ball
3-2: Strikes out swinging
Batting: SHB Freddie Farrar 0-0: Ball
1-0: Ball
2-0: Called Strike
2-1: Foul Ball, location: 2F
2-2: Ball
3-2: Foul Ball, location: 2F
3-2: Ground out U3 (Groundball, 3, EV 109.4 MPH)
Bottom of the 6th over - 0 runs, 0 hits, 0 errors, 0 left on base; Lehigh Valley 2 - Louisville 0
TOP OF THE 7TH
Lehigh Valley IronPigs batting - Pitching for Louisville Bats : LHP William Lobo
Batting: RHB Chris Pounds 0-0: Ball
1-0: Ball
2-0: Called Strike
2-1: Called Strike
2-2: Strikes out swinging
Batting: RHB Josh Hensley 0-0: Called Strike
0-1: Called Strike
0-2: Ground out 5-3 (Groundball, 56S, EV 82.5 MPH)
Batting: RHB Aaron Burress 0-0: Ball
1-0: Fly out, F7 (Flyball, 78D, EV 104.4 MPH)
Top of the 7th over - 0 runs, 0 hits, 0 errors, 0 left on base; Lehigh Valley 2 - Louisville 0
BOTTOM OF THE 7TH
Louisville Bats batting - Pitching for Lehigh Valley IronPigs : RHP Tim Martin
Pitching: LHP John Murray
Batting: SHB Tim Utz 0-0: Ball
1-0: Foul Ball, location: 2F
1-1: SINGLE (Groundball, 4MD, EV 95.0 MPH)
Batting: RHB Chase Briney 0-0: Bunt missed!
0-1: Sac Bunt to 15 - play at first, batter OUT! 1-4
Tim Utz to second
Batting: RHB Chris Zamora 0-0: Ball
1-0: Ball
2-0: Ball
3-0: Called Strike
3-1: Foul Ball, location: 2F
3-2: Ground out 4-3 (Groundball, 4M, EV 81.9 MPH)
Tim Utz to third
Batting: RHB Gerald de Vries 0-0: Called Strike
0-1: Swinging Strike
0-2: Ball
1-2: Strikes out swinging
Bottom of the 7th over - 0 runs, 1 hit, 0 errors, 1 left on base; Lehigh Valley 2 - Louisville 0
TOP OF THE 8TH
Lehigh Valley IronPigs batting - Pitching for Louisville Bats : LHP William Lobo
Pitching: RHP Tim Beck
Batting: SHB Cesar Arteaga 0-0: Ball
1-0: Fly out, F1 (Line Drive, P, EV 72.5 MPH)
Batting: LHB Chad Persaud 0-0: Ball
1-0: Fly out, F8 (Flyball, 8RXD, EV 90.6 MPH)
Batting: RHB Matt Sanders 0-0: Ball
1-0: Swinging Strike
1-1: Ground out 5-3 (Groundball, 56, EV 87.5 MPH)
Top of the 8th over - 0 runs, 0 hits, 0 errors, 0 left on base; Lehigh Valley 2 - Louisville 0
BOTTOM OF THE 8TH
Louisville Bats batting - Pitching for Lehigh Valley IronPigs : LHP John Murray
Batting: RHB Yasusaburo Kuwahara 0-0: Fly out, F8 (Flyball, 78D, EV 83.8 MPH)
Pinch Hitting: RHB Danny Real 0-0: Called Strike
0-1: Swinging Strike
0-2: Ball
1-2: Ball
2-2: Strikes out swinging
Batting: RHB Estanislau Gosendes 0-0: Called Strike
0-1: Foul Ball, location: 2F
0-2: Strikes out swinging
Bottom of the 8th over - 0 runs, 0 hits, 0 errors, 0 left on base; Lehigh Valley 2 - Louisville 0
TOP OF THE 9TH
Lehigh Valley IronPigs batting - Pitching for Louisville Bats : RHP Tim Beck
Now in CF: Danny Real
Batting: SHB Lance Franklin 0-0: Ball
1-0: Ground out 6-3 (Groundball, 56D, EV 86.2 MPH)
Batting: RHB Julian Nijhuis 0-0: Called Strike
0-1: Foul Ball, location: 2F
0-2: Strikes out looking
Batting: RHB Young-tae Yoo 0-0: Ground out 6-3 (Groundball, 56, EV 91.9 MPH)
Top of the 9th over - 0 runs, 0 hits, 0 errors, 0 left on base; Lehigh Valley 2 - Louisville 0
BOTTOM OF THE 9TH
Louisville Bats batting - Pitching for Lehigh Valley IronPigs : LHP John Murray
Pitching: RHP John Capparelli
Now at 1B: Jose Marroquin
Now at 2B: Lance Franklin
Now at 3B: Julian Nijhuis
Now at SS: Cesar Arteaga
Now in CF: Tyler Allen
Now in RF: Matt Sanders
Batting: LHB Randy Racine 0-0: Ball
1-0: Foul Ball, location: 2F
1-1: Foul Ball, location: 2F
1-2: Strikes out swinging
Batting: SHB Freddie Farrar 0-0: Called Strike
0-1: Ball
1-1: Foul Ball, location: 2F
1-2: SOLO HOME RUN (Flyball, 8RXD, EV 106.2 MPH), Distance : 425 ft
Batting: SHB Tim Utz 0-0: Ball
1-0: Ball
2-0: Called Strike
2-1: SINGLE (Groundball, 4MD, EV 103.8 MPH)
Batting: RHB Chase Briney 0-0: Ball
1-0: Called Strike
1-1: Fly out, F3 (Popup, 3, EV 69.4 MPH)
Batting: RHB Chris Zamora 0-0: Reached on error, E5 (Groundball, 25, EV 81.2 MPH)
Tim Utz to third
Batting: RHB Gerald de Vries 0-0: Swinging Strike
0-1: Called Strike
0-2: Fly out, F8 (Flyball, 8RS, EV 81.9 MPH)
Bottom of the 9th over - 1 run, 2 hits, 1 error, 2 left on base; Lehigh Valley 2 - Louisville 1
Thursday, March 31st , 2022 - OOTP Baseball 22.12 Build 89